Map: [ESL] Ghost River

Players

Clem - Winner!

  • Race: Terran Terran
  • Spawn Location: 11:00

HeroMarine

  • Race: Terran Terran
  • Spawn Location: 1:00

Event: ESL Spring 2024 Finals

VOD

Have the link to the VOD?

Description

Time

  • Played on: May 31, 2024, 2:24 p.m.
  • Length: 16:14

All games in this series

Show
View Real Time Build Order
Export as new Build Order

Clem Terran - Winner!

Build Orders: Cyclone Opening 

Get SALT Encoding   

  12  0:00  SCV  
  13  0:12  SCV  
  14  0:17  Supply Depot  
  14  0:24  SCV  
  15  0:38  SCV  
  15  0:40  Barracks  
  16  0:43  Refinery  
  16  0:50  SCV  
  16  0:51  Refinery  
  17  1:02  SCV  
  18  1:14  SCV  
  19  1:27  Orbital Command, Reaper  
  19  1:31  Supply Depot  
  20  1:39  Factory  
  20  1:53  SCV  
  21  1:59  Reaper  
  22  2:05  SCV  
  23  2:15  Command Center  
  23  2:24  Hellion  
  23  2:26  SCV  
  25  2:33  Starport  
  25  2:37  Supply Depot  
  25  2:39  SCV  
  25  2:43  Barracks Reactor  
  26  2:51  SCV  
  27  2:53  Cyclone  
  29  3:03  SCV  
  30  3:12  Viking  
  32  3:15  SCV  
  32  3:19  Marine x2  
  35  3:20  Refinery  
  35  3:25  Factory Tech Lab  
  35  3:27  Orbital Command  
  35  3:29  SCV  
  36  3:37  Marine x2  
  38  3:41  SCV  
  38  3:45  Starport Tech Lab  
  38  3:46  Siege Tank  
  42  3:54  SCV  
  42  3:55  Supply Depot  
  43  3:57  SCV  
  44  4:04  Raven  
  44  4:08  SCV  
  44  4:09  SCV  
  47  4:14  Marine  
  48  4:20  SCV  
  48  4:21  Siege Tank, SCV  
  53  4:26  Marine  
  53  4:27  Supply Depot  
  54  4:31  Marine  
  54  4:32  SCV  
  54  4:33  SCV  
  57  4:41  Raven  
  57  4:44  SCV  
  57  4:45  SCV  
  60  4:50  Supply Depot  
  61  4:56  SCV  
  61  4:57  SCV  
  61  4:58  Siege Tank  
  64  5:05  Command Center  
  64  5:08  SCV  
  64  5:09  SCV  
  64  5:12  Supply Depot  
  66  5:20  SCV  
  67  5:22  Supply Depot, SCV  
  67  5:26  Refinery  
  68  5:30  Siege Tank  
  68  5:32  SCV, Viking  
  68  5:34  SCV  
  75  5:36  Viking  
  75  5:40  Supply Depot  
  75  5:41  Marine  
  78  5:45  SCV  
  78  5:46  SCV  
  80  5:51  Stimpack  
  80  5:57  SCV  
  81  5:59  Marine, Barracks  
  81  6:01  SCV  
  81  6:02  Barracks  
  83  6:05  Siege Tank  
  83  6:09  SCV  
  87  6:13  Viking  
  87  6:14  Viking  
  87  6:15  SCV  
  87  6:16  Marine  
  93  6:20  Engineering Bay  
  93  6:24  Engineering Bay  
  93  6:26  SCV  
  93  6:28  SCV  
  95  6:34  Marine  
  95  6:36  Orbital Command  
  95  6:37  Siege Tank  
  95  6:38  SCV  
  99  6:40  SCV  
  99  6:44  Supply Depot  
  99  6:45  Viking  
  102  6:50  SCV  
  102  6:51  Viking  
  102  6:53  SCV  
  102  7:00  Barracks Reactor x2  
  91  7:02  SCV  
  91  7:03  SCV  
  91  7:05  SCV  
  91  7:08  Marine  
  88  7:09  Siege Tank  
  88  7:14  SCV  
  88  7:15  SCV, Viking  
  87  7:17  SCV  
  87  7:20  Terran Infantry Weapons Level 1  
  88  7:23  Barracks  
  88  7:25  Marine, Barracks  
  88  7:26  Terran Infantry Armor Level 1  
  88  7:27  SCV x2  
  89  7:31  Supply Depot, SCV  
  90  7:37  Marine x2  
  90  7:38  Marine x2  
  90  7:39  SCV x2  
  90  7:40  Combat Shield  
  90  7:43  Marine  
  97  7:45  Siege Tank  
  97  7:46  SCV  
  97  7:48  Supply Depot  
  97  7:51  SCV x2  
  102  7:55  Marine x2  
  102  7:56  Marine, Missile Turret  
  102  7:57  Marine  
  102  7:58  SCV, Missile Turret  
  107  8:02  Medivac  
  107  8:03  SCV  
  107  8:04  SCV, Refinery  
  107  8:05  Refinery  
  112  8:08  Medivac  
  112  8:10  SCV  
  116  8:14  Barracks Reactor  
  116  8:15  Supply Depot  
  116  8:16  Marine x3  
  116  8:17  SCV x2  
  120  8:20  Supply Depot  
  120  8:21  Marine, Barracks Reactor  
  120  8:26  Supply Depot  
  122  8:29  SCV  
  122  8:30  Siege Tank  
  125  8:37  Marine, Command Center  
  125  8:38  Supply Depot  
  126  8:42  Sensor Tower  
  126  8:44  Marine  
  126  8:45  Supply Depot, Factory  
  127  8:50  Marine x2  
  127  8:52  Marine x2  
  127  8:55  Marine  
  133  8:56  Supply Depot  
  133  8:59  Marine x2  
  133  9:00  Viking x2  
  138  9:03  Marine  
  138  9:06  Siege Tank  
  138  9:08  Marine x2  
  138  9:09  Marine  
  134  9:10  Marine  
  134  9:12  Marine  
  134  9:17  Marine x2  
  136  9:21  Marine, Armory  
  135  9:24  Barracks Reactor  
  135  9:25  Marine  
  135  9:26  Marine  
  135  9:27  Marine  
  135  9:30  Medivac  
  137  9:33  Marine  
  137  9:35  Marine  
  137  9:36  Marine  
  137  9:38  Siege Tank  
  123  9:39  Marine x2, Medivac  
  123  9:43  Marine x2  
  123  9:45  Marine  
  119  9:51  Marine  
  121  9:53  Marine x2  
  121  9:55  SCV  
  121  9:56  SCV, Starport, Marine  
  121  9:57  SCV, Marine  
  128  10:01  Siege Tank, Marine x4  
  128  10:04  Viking  
  137  10:07  Terran Infantry Weapons Level 2  
  137  10:10  Siege Tank  
  137  10:12  Terran Infantry Armor Level 2  
  137  10:14  SCV  
  141  10:15  Marine x2  
  141  10:16  SCV  
  141  10:17  Marine x2  
  141  10:18  Refinery x2  
  146  10:21  Planetary Fortress  
  146  10:23  Marine x2  
  146  10:25  SCV  
  146  10:26  SCV, Marine x2  
  152  10:32  Terran Vehicle Weapons Level 1, Missile Turret  
  152  10:35  Siege Tank, Marine x2  
  157  10:41  Starport  
  157  10:45  Marine x3  
  157  10:46  Marine  
  157  10:47  Siege Tank, Marine x2  
  166  10:50  Marine x2  
  166  10:51  Missile Turret  
  166  10:53  Marine x2  
  166  10:56  Starport Tech Lab  
  170  10:57  Viking  
  170  10:58  Viking  
  170  11:02  Marine  
  175  11:06  Command Center  
  175  11:10  Siege Tank  
  178  11:14  Raven, Armory  
  180  11:20  Command Center  
  180  11:22  Starport Tech Lab  
  180  11:24  Interference Matrix  
  180  11:27  Viking  
  180  11:30  Viking  
  180  11:31  Marine x2  
  186  11:35  Marine  
  186  11:38  Marine  
  188  11:42  Marine x2  
  188  11:47  Siege Tank  
  193  11:49  Raven  
  193  11:50  Raven  
  193  11:53  Siege Tank  
  198  11:55  Marine x2  
  198  12:01  Viking  
  197  12:04  Marine x3  
  197  12:06  Marine  
  197  12:08  Marine x2  
  183  12:10  Marine  
  183  12:11  Marine  
  183  12:12  Marine  
  186  12:18  Marine  
  186  12:19  Siege Tank, Command Center  
  186  12:22  Marine x2  
  179  12:23  Raven  
  179  12:25  Siege Tank, Marine x2  
  184  12:34  Marine  
  181  12:38  Raven  
  181  12:42  Marine  
  181  12:44  Marine  
  167  12:51  Siege Tank  
  167  12:54  Marine x3  
  167  12:55  Marine  
  167  12:56  Marine  
  167  12:57  Siege Tank, Marine x2  
  175  12:58  Marine  
  175  12:59  Marine  
  175  13:01  Marine  
  181  13:06  Liberator x2  
  181  13:11  Marine x2  
  181  13:12  Orbital Command, Marine  
  186  13:13  Command Center  
  186  13:14  Missile Turret  
  186  13:19  Marine  
  184  13:23  Siege Tank  
  184  13:24  Marine  
  184  13:26  Marine x3  
  191  13:27  Marine  
  191  13:29  Siege Tank  
  194  13:34  Sensor Tower  
  194  13:36  Marine  
  194  13:37  Marine  
  194  13:40  Orbital Command  
  170  13:42  Marine  
  170  13:46  Raven  
  170  13:48  Marine  
  166  13:49  Marine x4  
  166  13:52  SCV  
  166  13:55  Siege Tank  
  167  13:56  SCV  
  167  14:00  Marine  
  167  14:01  Siege Tank  
  159  14:04  Marine x3  
  159  14:07  Orbital Command  
  159  14:09  SCV  
  163  14:14  Marine  
  163  14:19  Marine  
  163  14:20  Marine x2  
  163  14:23  Viking x2  
  157  14:25  Marine x2  
  157  14:27  Siege Tank  
  157  14:30  Missile Turret  
  157  14:31  Marine, Refinery, Sensor Tower  
  162  14:32  Marine  
  162  14:33  Siege Tank, Refinery  
  162  14:35  Marine  
  149  14:39  Marine  
  149  14:42  Liberator x2  
  149  14:43  Marine  
  143  14:52  Marine x7  
  144  14:53  Marine  
  144  14:57  Marine  
  144  14:59  Siege Tank  
  142  15:01  Marine  
  142  15:02  SCV  
  142  15:05  Siege Tank  
  145  15:08  Viking  
  145  15:10  Marine x6  
  145  15:12  Marine x2  
  150  15:19  Marine x2  
  152  15:25  Raven  
  152  15:26  Medivac  
  152  15:27  Marine  
  152  15:28  Marine x2  
  159  15:29  Orbital Command  
  159  15:31  Sensor Tower  
  162  15:38  Medivac  
  162  15:41  Marine x4  
  165  15:47  Marine  
  165  15:49  Starport Tech Lab  
  166  15:53  Refinery x2  
Show
View Real Time Build Order
Export as new Build Order

HeroMarine Terran 

Build Orders: Cyclone Opening 

Get SALT Encoding   

  12  0:00  SCV  
  13  0:12  SCV  
  14  0:17  Supply Depot  
  14  0:24  SCV  
  15  0:38  SCV  
  15  0:40  Barracks  
  15  0:42  Refinery  
  16  0:50  SCV  
  16  0:53  Refinery  
  17  1:02  SCV  
  18  1:14  SCV  
  19  1:27  Orbital Command, Reaper  
  19  1:32  Supply Depot  
  20  1:44  Factory  
  20  1:52  SCV  
  21  1:59  Reaper  
  22  2:04  SCV  
  23  2:15  Command Center  
  23  2:17  SCV  
  24  2:29  SCV  
  24  2:31  Cyclone  
  24  2:36  Starport  
  26  2:41  SCV  
  27  2:47  Supply Depot  
  27  2:51  Barracks Reactor  
  27  2:53  SCV  
  28  3:03  Cyclone  
  30  3:05  SCV  
  30  3:12  Medivac  
  33  3:18  SCV  
  34  3:22  Refinery  
  34  3:27  Marine x2  
  34  3:29  Orbital Command  
  34  3:31  SCV  
  37  3:35  Factory Tech Lab  
  37  3:43  SCV  
  37  3:44  Starport Tech Lab  
  37  3:45  Marine x2  
  40  3:54  Siege Tank  
  40  3:55  SCV x2  
  45  4:03  Marine x2  
  45  4:07  SCV  
  45  4:08  Supply Depot  
  48  4:13  Raven  
  50  4:18  SCV  
  50  4:19  SCV  
  50  4:22  Supply Depot  
  52  4:30  Siege Tank, SCV  
  56  4:31  SCV  
  56  4:33  Marine x2  
  59  4:42  SCV  
  59  4:44  Supply Depot  
  60  4:47  Raven  
  60  4:49  Interference Matrix  
  60  4:50  SCV  
  63  4:54  SCV, Marine x2  
  66  5:03  SCV  
  66  5:06  SCV  
  68  5:12  Command Center  
  68  5:13  Siege Tank  
  71  5:16  SCV  
  71  5:18  SCV  
  71  5:19  Marine x2  
  73  5:22  Raven, Supply Depot  
  76  5:28  SCV  
  76  5:30  SCV  
  76  5:31  Supply Depot, Refinery  
  77  5:38  Marine  
  78  5:44  SCV x2  
  78  5:49  Siege Tank  
  84  5:56  SCV x2  
  85  6:04  Barracks x2  
  85  6:07  Engineering Bay x2, Viking  
  85  6:08  SCV x2, Viking  
  91  6:13  Stimpack  
  91  6:14  Marine  
  92  6:20  SCV x2  
  92  6:23  Siege Tank  
  92  6:24  Supply Depot  
  97  6:32  SCV x2  
  99  6:40  Viking x2  
  99  6:43  Marine  
  99  6:44  SCV x2  
  106  6:49  SCV  
  97  6:56  SCV x2  
  97  6:57  Siege Tank  
  102  7:01  Terran Infantry Weapons Level 1, Terran Infantry Armor Level 1  
  102  7:02  SCV  
  92  7:08  SCV x2  
  92  7:09  Marine  
  92  7:11  Barracks Reactor x2  
  92  7:14  SCV, Barracks  
  92  7:15  Barracks  
  90  7:20  SCV  
  90  7:21  SCV  
  87  7:26  Marine  
  87  7:28  Orbital Command  
  87  7:29  Siege Tank  
  91  7:31  Supply Depot, Refinery  
  91  7:32  Refinery  
  91  7:33  SCV x2  
  91  7:34  Viking  
  91  7:35  Viking  
  97  7:44  Marine  
  97  7:45  SCV x2  
  97  7:48  Marine x4  
  106  8:01  Siege Tank  
  106  8:02  Combat Shield, Marine  
  106  8:03  Marine x2, Sensor Tower  
  106  8:04  Supply Depot  
  113  8:05  Marine  
  113  8:06  Supply Depot  
  113  8:08  Viking  
  113  8:12  Viking  
  115  8:13  SCV  
  115  8:17  Marine x3  
  121  8:20  Marine  
  121  8:22  Barracks Reactor x2  
  121  8:23  Marine  
  121  8:26  Supply Depot  
  121  8:35  Marine x3  
  121  8:36  Command Center  
  121  8:38  Marine, Viking  
  121  8:39  Armory  
  121  8:40  Supply Depot  
  127  8:41  Siege Tank, Marine  
  127  8:42  Viking  
  133  8:52  Marine  
  133  8:53  Marine x2  
  133  8:54  Supply Depot  
  136  8:56  Supply Depot, Marine  
  136  8:59  Marine  
  136  9:00  Marine  
  136  9:01  Marine x2  
  141  9:06  Marine  
  138  9:10  Marine x2, Medivac  
  138  9:11  Marine  
  138  9:12  Medivac  
  138  9:13  Siege Tank, Marine  
  149  9:20  Marine x2  
  149  9:21  Marine x2  
  148  9:24  Marine  
  148  9:28  Marine x3  
  146  9:38  Marine x3  
  117  9:39  Marine, Terran Infantry Armor Level 2, Terran Infantry Weapons Level 2  
  117  9:40  Terran Vehicle Weapons Level 1  
  117  9:42  Marine  
  117  9:43  SCV  
  117  9:44  SCV x2  
  106  9:46  Siege Tank, Marine x3  
  106  9:52  Factory  
  111  9:54  Barracks Reactor  
  111  9:56  Marine x4  
  111  9:57  Barracks  
  111  9:58  Barracks  
  115  10:00  Marine  
  115  10:02  Barracks  
  115  10:04  Marine, Medivac x2  
  121  10:07  Marine x2  
  121  10:12  Planetary Fortress  
  121  10:14  Marine x4  
  123  10:18  Siege Tank, Marine  
  134  10:22  Marine  
  134  10:25  Marine x2  
  134  10:31  Marine  
  134  10:32  Marine x5  
  140  10:35  Medivac  
  140  10:36  Marine  
  140  10:37  Medivac  
  140  10:38  Siege Tank  
  140  10:39  Marine  
  149  10:43  Marine x2  
  149  10:45  Barracks Reactor x2  
  149  10:48  Barracks Reactor  
  149  10:49  Marine x4  
  152  10:50  Siege Tank, Marine  
  152  10:51  Supply Depot, Marine  
  152  10:52  Supply Depot  
  152  10:54  Marine  
  161  10:57  Marine  
  161  11:00  Marine  
  164  11:07  Marine x5  
  164  11:08  Medivac x2  
  164  11:09  Marine  
  164  11:10  Siege Tank  
  177  11:11  Marine  
  177  11:17  Command Center  
  177  11:18  Marine x2  
  178  11:19  Marine  
  178  11:22  Siege Tank  
  178  11:23  Marine x4  
  178  11:25  Marine x3  
  189  11:26  Marine x2  
  189  11:32  Marine x4  
  195  11:36  Marine x2  
  195  11:37  Marine  
  199  11:41  Marine  
  199  11:43  Marine  
  198  11:52  Marine x2  
  196  11:55  Marine x3  
  189  12:05  Siege Tank x2  
  189  12:07  Marine x2  
  185  12:10  Terran Infantry Armor Level 3, Terran Infantry Weapons Level 3  
  185  12:12  SCV x2  
  183  12:18  Marine x2  
  183  12:19  Marine x2  
  183  12:21  Marine  
  185  12:24  Marine x2  
  181  12:31  Marine x6  
  181  12:32  Marine x2  
  181  12:33  Marine  
  181  12:35  Marine, Medivac  
  181  12:36  Marine x2  
  181  12:37  Siege Tank x2, Marine  
  181  12:39  Marine  
  181  12:42  Marine x2  
  187  12:45  Supply Depot  
  187  12:49  Marine x7  
  187  12:50  Marine  
  187  12:51  Marine  
  194  12:53  Marine x2  
  189  12:59  Marine x2  
  189  13:04  Marine x2  
  189  13:05  Marine  
  194  13:07  Marine x5  
  194  13:11  SCV x2  
  200  13:17  Marine  
  200  13:22  Refinery  
  200  13:25  Marine x2  
  200  13:26  Terran Vehicle Weapons Level 2  
  200  13:27  Marine  
  200  13:28  Marine  
  199  13:37  Siege Tank, Marine  
  185  13:42  Marine  
  185  13:43  Marine x9  
  185  13:45  Marine x2  
  185  13:48  Siege Tank  
  180  13:52  Marine x2  
  179  13:57  Marine x2  
  179  14:00  Marine  
  179  14:01  Marine x5  
  180  14:02  Marine  
  180  14:03  Marine x2, Medivac  
  180  14:04  Marine x3, Medivac  
  180  14:09  Siege Tank  
  190  14:10  Marine x2  
  190  14:14  Marine x2  
  191  14:18  Marine x4  
  191  14:19  Marine x2  
  191  14:20  Siege Tank, Marine x2  
  191  14:21  Marine  
  191  14:22  Marine x3  
  176  14:27  Marine  
  176  14:28  Marine  
  177  14:32  Marine x2  
  177  14:33  Medivac  
  177  14:34  Medivac  
  177  14:36  Marine x4  
  177  14:37  Marine x2  
  177  14:38  Marine x3  
  166  14:39  Marine  
  166  14:40  Marine x2  
  166  14:41  Siege Tank  
  166  14:45  Marine x2  
  166  14:50  Marine x2  
  166  14:52  Siege Tank  
  148  14:54  Marine x4  
  148  14:55  Marine x2  
  148  14:56  Marine  
  148  14:58  Marine  
  148  14:59  Marine x3  
  142  15:02  Marine  
  142  15:03  Marine x2  
  138  15:08  Marine x2  
  138  15:12  Marine x3  
  138  15:13  Siege Tank  
  138  15:14  Marine  
  133  15:16  Medivac x2  
  133  15:17  Marine x5  
  145  15:25  Marine  
  145  15:26  Marine  
  145  15:27  Siege Tank  
  148  15:36  Marine x5  
  153  15:44  Marine x4  
  153  15:47  Marine  
  153  15:48  Marine  
  153  15:49  Marine  
  163  15:52  Marine x2  
  163  15:54  Marine  
  163  15:55  Marine  
Tags
 
Add a new tag
Caveats
  • Supply blocks, unpowered buildings, or Contaminate may cause inaccurate times.
  • Supply counts are checked every 10 seconds.